 Dungeon Crawl Stone Soup version 0.31.0-1-g2c135a008e (webtiles) character file.

Game seed: 5491444223767104749

154 qw the Shooter (level 5, 0/40 HPs)
             Began as a Djinni Hunter on Jan 24, 2024.
             Slain by Ijyb
             ... wielding a +0 club
              (2 damage)
             ... on level 3 of the Dungeon.
             The game lasted 00:00:09 (1771 turns).

qw the Shooter (Djinni Hunter)                      Turns: 1771, Time: 00:00:09

Health: 0/40       AC:  9    Str: 10    XL:     5   Next: 62%
Gold:   139        EV: 11    Int: 11    God:
                   SH:  0    Dex: 18

rFire   + + .        a - +0 shortbow
rCold   x . .        (shield currently unavailable)
rNeg    . . .        g - +0 ring mail
rPois   inf          (no helmet)
rElec   .            (no cloak)
rCorr   .            (no gloves)
SInv    .            (boots unavailable)
Will    .....        (no amulet)
Stlth   +            d - +4 ring of protection
HPRegen 0.26/turn    (no ring)
MPRegen 0.00/turn

%: infuse magic (-1 HP)
@: flying
A: sickness immunity, fire resistance 2, cold vulnerability 1, float, innate
caster, HP casting, extra vitality 1
a: no special abilities


You were on level 3 of the Dungeon.
You visited 1 branch of the dungeon, and saw 3 of its levels.

You collected 139 gold pieces.


Innate Abilities, Weirdness & Mutations

You are immune to sickness and miasma.
You are immune to poison.
Your flesh is very heat resistant. (rF++)
You are vulnerable to cold. (rC-)
You float through the air rather than walking.
You learn spells naturally, not from books.
Your magical power is your life essence.
You have superior vitality. (+4 MHP)


   Skills:
 - Level 3.4 Fighting
 + Level 4.6 Ranged Weapons
 - Level 1.0 Armour
 - Level 2.1 Dodging
 - Level 0.7 Stealth


You knew the following spells:

 Your Spells              Type           Power      Damage    Failure   Level
a - Foxfire               Conj/Fire      0%         2x1d4     65%         1
b - Scorch                Fire           0%         2d5       80%         2
Your spell library was empty.

Inventory:

Hand Weapons
 a - a +0 shortbow (weapon)
Armour
 g - a +0 ring mail (worn)
Jewellery
 c - an amulet of the acrobat
 d - a +4 ring of protection (left hand)
 i - a ring of fire
Wands
 n - a wand of flame (27)
Scrolls
 b - a scroll of amnesia {unknown}
Potions
 f - a potion of resistance {unknown}
 h - a potion of haste
 j - a potion of curing {unknown}
 k - a potion of enlightenment {unknown}
 l - a potion of heal wounds {unknown}
 m - a potion of mutation {unknown}
 o - a potion of magic {unknown}

Dungeon Overview and Level Annotations

Branches:
Dungeon (3/15)

Altars:

Annotations:
D:3 Ijyb


Message History

You shoot an arrow.
The arrow completely misses the hobgoblin.
The hobgoblin closely misses you.
You shoot an arrow. The arrow hits the hobgoblin.
You kill the hobgoblin!
Items here: %%% ).
Found a stone staircase leading down and a stone staircase leading up.
Enter note:
There is a stone staircase leading down here.
There is a stone staircase leading up here.
Ijyb the Twisted Goblin comes into view.
She is wielding a +0 club and carrying a wand of mindburst.
Ijyb shouts!
Enter note: You shoot an arrow.
The arrow barely misses Ijyb.
You shoot an arrow. The arrow hits Ijyb but does no damage.
Ijyb hits you but does no damage.
You shoot an arrow. The arrow completely misses Ijyb.
Ijyb hits you but does no damage.
You shoot an arrow. The arrow hits Ijyb but does no damage.
Ijyb hits you with a +0 club. Ijyb barely misses you.
You shoot an arrow. The arrow closely misses Ijyb.
Ijyb hits you with a +0 club.
You shoot an arrow. The arrow closely misses Ijyb.
Ijyb hits you with a +0 club. Ijyb barely misses you.
You shoot an arrow. The arrow hits Ijyb.
Ijyb is lightly wounded.
Ijyb zaps a wand.
Your mind is blasted!
You shoot an arrow. The arrow barely misses Ijyb.
Ijyb hits you with a +0 club.
You shoot an arrow. The arrow closely misses Ijyb.
Ijyb barely misses you.
Ijyb zaps a wand.
Your mind is blasted!
You shoot an arrow. The arrow hits Ijyb.
Ijyb is lightly wounded.
Ijyb closely misses you.
You shoot an arrow. The arrow closely misses Ijyb.
Ijyb barely misses you.
You shoot an arrow. The arrow barely misses Ijyb.
Ijyb screams, "Die!"
Ijyb hits you with a +0 club.
You die...

##. ... . #.. ###
## # #.. #.. ..
#.. #.##.# #..
#.##.# .[#
#####.g######.##.#
..
.......@<...>....#
#.
#####.......###..#
#. ...........#
#..# #.
####.#####.###..#
###. #.
#......)####... #.
#..#........... #
#..#...........
...##.#.######.
......#.. ....


You could see Ijyb.

Vanquished Creatures
  Natasha (thrice) (D:2)
  4 adders
  A dart slug (D:1)
  An orc (D:3)
  4 bats
  3 endoplasms
  4 giant cockroaches
  6 hobgoblins
  2 kobolds
  A ball python (D:3)
  8 frilled lizards (D:1)
  6 rats
43 creatures vanquished.

Notes
Turn   | Place    | Note
-------+----------+-------------------------------------------
     0 | D:1      | qw the Djinni Hunter began the quest for the Orb.
     0 | D:1      | Reached XP level 1. HP: 18/18 MP: 0/0
     0 | D:1      | 0 ||| qw: Version: 0.3-a-136-gdd3b4e8
     0 | D:1      | 0 ||| qw: Game counter: 1241
     0 | D:1      | 0 ||| qw: Melee chars always use a shield: true
     0 | D:1      | 0 ||| qw: God list: Okawaru
     0 | D:1      | 0 ||| qw: Allow faded altars: false
     0 | D:1      | 0 ||| qw: Do Orc after clearing Dungeon:15 true
     0 | D:1      | 0 ||| qw: Do second Lair branch before Depths: true
     0 | D:1      | 0 ||| qw: Lair rune preference: random
     0 | D:1      | 0 ||| qw: Goals: Normal
     0 | D:1      | 0 ||| PLANNING D:1-11
   144 | D:1      | 144 ||| RETREEEEATING.
   146 | D:1      | 146 ||| RETREEEEATING.
   148 | D:1      | 148 ||| RETREEEEATING.
   153 | D:1      | 153 ||| RETREEEEATING.
   157 | D:1      | Reached XP level 2. HP: 18/23 MP: 0/0
   504 | D:1      | Reached XP level 3. HP: 28/28 MP: 0/0
   504 | D:1      | Learned a level 1 spell: Foxfire
   508 | D:1      | Reached skill level 4 in Ranged Weapons
   651 | D:1      | 651 ||| UPGRADING to +0 ring mail.
   661 | D:1      | 661 ||| DROPPING +0 leather armour.
   662 | D:1      | 662 ||| UPGRADING to +4 ring of protection.
   663 | D:1      | 663 ||| READING scroll labelled SOTIWE XUISIM.
   664 | D:1      | 664 ||| READING scroll labelled VUFELOU SAASOF.
   665 | D:1      | 665 ||| DRINKING 2 pink potions.
   666 | D:1      | 666 ||| DROPPING scroll of butterflies.
   843 | D:2      | Reached skill level 1 in Armour
   882 | D:2      | Noticed Natasha
   888 | D:2      | Killed Natasha
   889 | D:2      | Reached XP level 4. HP: 27/34 MP: 0/0
   936 | D:2      | Noticed Natasha
   948 | D:2      | 948 ||| RETREEEEATING.
   950 | D:2      | 950 ||| RETREEEEATING.
   956 | D:2      | HP: 7/34 [cerulean imp/+2 spear[Natasha] (3)]
   957 | D:2      | Killed Natasha
   958 | D:2      | Reached skill level 3 in Fighting
  1157 | D:2      | Reached XP level 5. HP: 35/40 MP: 0/0
  1157 | D:2      | Learned a level 2 spell: Scorch
  1184 | D:2      | Noticed Natasha
  1203 | D:2      | Killed Natasha
  1529 | D:2      | 1529 ||| READING scroll labelled MOUCIE MATU.
  1534 | D:2      | 1534 ||| READING scroll labelled FUJINWUAJI.
  1535 | D:2      | 1535 ||| READING scroll labelled ETICIL BAFY.
  1535 | D:2      | 1535 ||| IDENTIFYING yellow potion
  1536 | D:2      | 1536 ||| DROPPING potion of ambrosia.
  1759 | D:3      | Noticed Ijyb
  1768 | D:3      | HP: 1/40 [disintegration (14)]
  1771 | D:3      | Slain by Ijyb

Levels and vault maps discovered:
D:1:      lemuel_arrival_muddy, layout_loops_ring, minmay_lizard_king
D:2:      layout_basic, nicolae_half_adder, uniq_natasha
D:3:      layout_loops_ring, mainiacjoe_overflow_catwalk, minmay_joined_circles,
          uniq_ijyb

Skill      XL: |  1  2  3  4 |
---------------+-------------+-----
Ranged Weapons | 4 |  4.6
Armour         | 1 |  1.0
Fighting       | 3 |  3.4
Dodging        | |  2.1
Stealth        | |  0.7

Action                     |  1- 3 |  4- 6 || total
---------------------------+-------+-------++-------
   Fire: Shortbow          |    69 |    95 ||   164
    Use: Scroll            |     2 |     3 ||     5
         Potion            |     1 |       ||     1
 Armour: Leather armour    |    15 |       ||    15
         Ring mail         |    12 |    61 ||    73
  Dodge: Dodged            |    25 |    52 ||    77

Table legend:
 A = Non-vault XP
 B = Vault XP
 C = Vault XP percentage of total XP
 D = Non-vault monster count
 E = Vault monster count
 F = Vault count percentage of total count
                 A         B        C        D         E       F
            +---------+---------+-------+---------+---------+-------
      Total |     139 |      81 |  36.8 |      32 |      11 |  25.6
            +---------+---------+-------+---------+---------+-------
        D:1 |      24 |       7 |  22.6 |      13 |       7 |  35.0
        D:2 |      96 |      74 |  43.5 |      15 |       4 |  21.1
        D:3 |      19 |       0 |   0.0 |       4 |       0 |   0.0
            +---------+---------+-------+---------+---------+-------
